 Dungeon Crawl Stone Soup version 0.28.0-45-g0d030f2227 (webtiles) character file.

Game seed: 16455678919487879660

5285 Peloso the Carver (level 10, -1/88 HPs)
             Began as a Minotaur Fighter on Apr 9, 2022.
             Was an Elder of Okawaru.
             Killed from afar by Maggie (10 damage)
             ... with a bolt of fire
             ... on level 9 of the Dungeon.
             The game lasted 00:19:11 (8193 turns).

Peloso the Carver (Minotaur Fighter)                Turns: 8193, Time: 00:19:12

Health: -1/88      AC: 10    Str: 29    XL:     10   Next: 37%
Magic:  7/9        EV:  7    Int:  5    God:    Okawaru [****..]
Gold:   340        SH: 30    Dex: 12    Spells: 9/9 levels left

rFire   + . .      SeeInvis .   a - +0 long sword
rCold   . . .      Faith    .   c - +18 shield of the Gong {rElec rN+ Will+ EV-5}
rNeg    + . .      Spirit   .   i - +2 chain mail {rF+}
rPois   .          Reflect  .   (helmet restricted)
rElec   +          Harm     .   x - +0 cloak
rCorr   .          Rampage  .   f - +1 pair of gloves
Will    +....                   r - +0 pair of boots
Stlth   ..........              v - amulet of regeneration
HPRegen 1.04/turn               e - +6 ring of strength
MPRegen 0.11/turn               (no ring)

@: mighty, heroic, corroded, mesmerised, studying Armour
A: horns 2, retaliatory headbutt
a: Renounce Religion, Heroism, Finesse


You were on level 9 of the Dungeon.
You worshipped Okawaru.
Okawaru was greatly pleased with you.
You visited 2 branches of the dungeon, and saw 10 of its levels.

You collected 340 gold pieces.

Inventory:

Hand Weapons
 a - a +0 long sword (weapon)
Missiles
 m - a throwing net (quivered)
Armour
 b - a +0 scale mail
 c - the +18 shield of the Gong (worn) {rElec rN+ Will+ EV-5}
   (You found it on level 7 of the Dungeon)

   It is deafeningly noisy when blocking attacks.
   EV:        It affects your evasion (-5).
   rElec:     It insulates you from electricity.
   rN:        It protects you from negative energy.
   Will:      It increases your willpower.
 f - a +1 pair of gloves (worn)
 i - a +2 chain mail of fire resistance (worn)
 r - a +0 pair of boots (worn)
 x - a +0 cloak (worn)
Jewellery
 e - a +6 ring of strength (left hand)
 v - an amulet of regeneration (around neck)
Wands
 h - a wand of acid (4)
 u - a wand of polymorph (6)
 E - a wand of digging (6)
Scrolls
 g - 4 scrolls of identify
 k - 2 scrolls of immolation {unknown}
 l - a scroll of noise {unknown}
 n - 2 scrolls of torment {unknown}
 p - a scroll of silence {unknown}
 q - 2 scrolls of magic mapping {unknown}
 t - 2 scrolls of enchant armour
 w - a scroll of teleportation
 y - a scroll of fog {unknown}
 z - a scroll of blinking {unknown}
 B - a scroll of enchant weapon {unknown}
 G - a scroll of amnesia {unknown}
Potions
 d - a potion of might
 j - 3 potions of haste
 o - 4 potions of attraction {unknown}
 s - 3 potions of degeneration {unknown}
 A - a potion of cancellation {unknown}
 C - a potion of lignification {unknown}
 D - a potion of resistance {unknown}
 F - 2 potions of berserk rage {unknown}
 H - a potion of flight {unknown}


   Skills:
 + Level 8.2(13.2) Fighting
 + Level 11.3(16.3) Long Blades
 + Level 11.1(16.1) Armour
 + Level 4.6(9.6) Dodging
 + Level 1.1(6.1) Stealth
 + Level 8.5(13.5) Shields
 + Level 0.5 Invocations


You had 9 spell levels left.
You didn't know any spells.
Your spell library contained the following spells:

 Spells                   Type           Power      Damage    Failure   Level
 Shock                    Conj/Air       0%         1d3       97%         1
 Gell's Gravitas          Tloc           0%         N/A       100%        3
 Lesser Beckoning         Tloc           0%         N/A       100%        3
 Swiftness                Air            0%         N/A       100%        3
 Teleport Other           Tloc           0%         N/A       100%        3
 Airstrike                Air            0%         N/A       100%        4
 Olgreb's Toxic Radiance  Pois           0%         N/A       100%        4
 Ozocubu's Refrigeration  Ice            0%         4d5       100%        7
 Ignition                 Fire           0%         3d3       100%        8


Dungeon Overview and Level Annotations

Branches:
Dungeon (9/15)             Temple (1/1) D:4
   Lair: D:8-11         Orc: D:9-12

Altars:
Ashenzari
Cheibriados
Dithmenos
Elyvilon
Gozag
Hepliaklqana
Makhleb
Nemelex Xobeh
Okawaru
Qazlal
Ru
Uskayaw
Xom
Yredelemnul

Portals:
Abyss: D:7

Annotations:
D:7 2 transporters, dangdung's ghost, novice OpTm
D:8 3 runed translucent doors, DearestLeader's ghost, novice MiFi
D:9 Maggie


Innate Abilities, Weirdness & Mutations

You have a pair of horns on your head.
You reflexively headbutt those who attack you in melee.


Message History

You slash the centaur zombie!
You destroy the centaur zombie!
Okawaru accepts your kill.
Unknown command.
You slash the orc priest!
You kill the orc priest!
Okawaru accepts your kill.
Maggie mumbles some strange words.
Maggie attempts to bespell you!
You are mesmerised by Maggie!
Unknown command.
You cannot move away from Maggie!
Items here: ( ))) [[[ †.
You feel very mighty all of a sudden.
Maggie zaps a wand.
The bolt of acid hits you!! The acid corrodes you!
You gain the combat prowess of a mighty hero.
Maggie gestures at you while chanting. The bolt of fire hits you! You resist.
Items here: )))) [[[[ ††††††.
Maggie zaps a wand.
The bolt of acid hits you! The acid corrodes you!
You slash Maggie! You headbutt Maggie, but do no damage.
Maggie is moderately wounded.
You block Maggie's attack.
GONNNNG!
You hear a shout!
You hit Maggie.
Maggie is moderately wounded.
You barely miss Maggie.
Maggie is moderately wounded.
You block Maggie's attack.
BONNNG!
You slash Maggie! You headbutt Maggie.
Maggie is heavily wounded.
Maggie zaps a wand.
The bolt of acid hits you!!!
* * * LOW HITPOINT WARNING * * *
The acid corrodes you!
You slash Maggie!
Maggie is severely wounded.
Maggie gestures at you while chanting. The bolt of fire hits you! You resist.
You die...

.. ... .#.y#
##.#y.# #....
# #..# #
#.##Z.#.###.
#..@........
####$########
#.)@@[)<.#
#..#####.#
#..# ... #...
.### ##.## .#
#.# .# #.. .#
### ##


You could see Maggie (mesmerising).

Vanquished Creatures
  A gargoyle (D:8)
  A troll (D:5)
  A wyvern (D:7)
  Sigmund (D:4)
  5 yaks (D:8)
  The ghost of Ablot the Grasshopper, an amateur GnWr of Okawaru (D:3)
  A steam dragon (D:6)
  Edmund (D:4)
  Menkaure (D:5)
  An ice beast (D:7)
  3 orc warriors
  3 ogres (D:5)
  2 centaurs
  2 bullfrogs
  A gnoll sergeant (D:3)
  2 water moccasin skeletons
  5 wights (D:7)
  13 killer bees
  4 crimson imps (D:6)
  2 howler monkeys
  2 bullfrog zombies (D:6)
  4 centaur zombies
  4 hounds
  A centaur skeleton (D:5)
  5 orc priests
  4 jellies
  2 bullfrog skeletons
  An iguana (D:6)
  5 orc wizards
  4 killer bee zombies
  A hound skeleton (D:4)
  Robin (D:4)
  A howler monkey zombie (D:8)
  9 gnolls
  A howler monkey skeleton (D:6)
  3 adders
  A shadow imp (D:3)
  2 ufetubi (D:6)
  An adder skeleton (D:4)
  4 worms
  2 dart slugs
  25 orcs
  5 bats (D:1)
  9 endoplasms
  3 giant cockroaches
  15 goblins
  5 hobgoblins
  4 kobolds
  4 quokkas
  5 ball pythons
  2 frilled lizards
  A quokka skeleton (D:4)
  5 rats
  A spectral hobgoblin (D:1)
193 creatures vanquished.

Notes
Turn   | Place    | Note
-------+----------+-------------------------------------------
     0 | D:1      | Peloso the Minotaur Fighter began the quest for the Orb.
     0 | D:1      | Reached XP level 1. HP: 19/19 MP: 0/0
   164 | D:1      | Found a faded altar of an unknown god.
   270 | D:1      | Reached XP level 2. HP: 23/27 MP: 1/1
  1269 | D:2      | Reached XP level 3. HP: 32/33 MP: 2/2
  1912 | D:2      | Reached XP level 4. HP: 25/40 MP: 3/3
  2334 | D:3      | Found a transporter.
  2336 | D:3      | Noticed Ablot's ghost (amateur GnWr)
  2337 | D:3      | Found a transporter.
  2541 | D:3      | Reached XP level 5. HP: 42/46 MP: 4/4
  3016 | D:4      | Reached skill level 5 in Long Blades
  3038 | D:4      | Noticed Edmund
  3071 | D:4      | Noticed Robin
  3087 | D:4      | Killed Robin
  3200 | D:4      | Killed Edmund
  3201 | D:4      | Reached skill level 1 in Dodging
  3201 | D:4      | Reached XP level 6. HP: 39/53 MP: 5/5
  3310 | D:4      | Found a staircase to the Ecumenical Temple.
  3322 | D:4      | Noticed Sigmund
  3334 | Temple   | Entered the Ecumenical Temple
  3547 | Temple   | Became a worshipper of Warmaster Okawaru
  3601 | D:4      | Killed Sigmund
  3602 | D:4      | Reached skill level 5 in Armour
  3935 | D:4      | Reached skill level 5 in Fighting
  3935 | D:4      | Reached XP level 7. HP: 24/61 MP: 6/6
  4901 | D:5      | Entered Level 5 of the Dungeon
  4991 | D:5      | Found a hide-covered altar of Uskayaw.
  5010 | D:5      | Reached * piety under Okawaru
  5180 | D:5      | Noticed a troll
  5196 | D:5      | Killed a troll
  5197 | D:5      | Reached skill level 5 in Shields
  5197 | D:5      | Reached XP level 8. HP: 23/69 MP: 4/7
  5362 | D:5      | Noticed Menkaure
  5368 | D:5      | Killed Menkaure
  5478 | D:5      | Reached ** piety under Okawaru
  5844 | D:6      | Reached XP level 9. HP: 78/78 MP: 8/8
  5878 | D:6      | Found a shimmering altar of Xom.
  6371 | D:7      | Reached skill level 10 in Long Blades
  6500 | D:7      | Identified the +1 helmet of Bedevilment {rN+ Int+5}
  6510 | D:7      | Found a transporter.
  6511 | D:7      | Found a one-way gate to the infinite horrors of the Abyss.
  6511 | D:7      | Noticed dangdung's ghost (novice OpTm)
  6536 | D:7      | Noticed a worldbinder
  6537 | D:7      | Found a transporter.
  6637 | D:7      | Noticed a vault sentinel
  6643 | D:7      | Noticed a vault sentinel
  6691 | D:7      | Found the +18 shield of the Gong {rElec rN+ Will+ EV-5}
  7012 | D:3      | Killed Ablot's ghost
  7012 | D:3      | Reached *** piety under Okawaru
  7209 | D:7      | Reached skill level 10 in Armour
  7370 | D:7      | Reached skill level 1 in Stealth
  7379 | D:8      | Noticed a gargoyle
  7431 | D:8      | Killed a gargoyle
  7496 | D:8      | Reached XP level 10. HP: 87/88 MP: 9/9
  7712 | D:8      | Found a runed translucent gate.
  7712 | D:8      | Found a runed translucent gate.
  7713 | D:8      | Found a runed translucent gate.
  7715 | D:8      | Noticed DearestLeader's ghost (novice MiFi)
  7809 | D:8      | Reached **** piety under Okawaru
  8147 | D:9      | Noticed Maggie
  8193 | D:9      | Killed from afar by Maggie

Illustrated notes

Levels and vault maps discovered:
D:1:      dpeg_arrival_round_c, layout_loops_corners, serial_aquarium,
          aquarium_bridge_straight [aquarium_subvault_bridge,
          aquarium_subvault_wall, aquarium_subvault_bridge,
          aquarium_subvault_wall], aquarium_bridge_island_small
          [aquarium_subvault_small_water, aquarium_subvault_wall,
          aquarium_subvault_window, aquarium_subvault_bridge,
          aquarium_subvault_bridge], aquarium_window_corner,
          aquarium_window_fake, aquarium_window_1, aquarium_view_4,
          aquarium_balcony_5b, aquarium_pool_four,
          dreamdust_ecumenical_altar_drowned_temple
D:2:      layout_basic
D:3:      layout_loops_ring, gammafunk_ghost_mausoleum
D:4:      layout_basic, temple_green, lightli_minifort, uniq_sigmund,
          uniq_robin, uniq_edmund
D:5:      layout_loops_cross, nicolae_uskayaw_dance_hall,
          minmay_manual_monolith, uniq_menkaure
D:6:      layout_loops_cross, led_xom_imps
D:7:      layout_basic, gammafunk_ghost_abyssal_escape,
          hellmonk_guarded_unrand_gong
D:8:      layout_basic, gammafunk_ghost_spectres, grunt_decor_cap
D:9:      layout_loops_cross, uniq_maggie, uniq_erica
Temple:   mainiacjoe_temple_big_plus

Skill      XL: |  1  2  3  4  5  6  7  8  9 10 |
---------------+-------------------------------+-----
Shields        | 4 5 7 8 |  8.5
Fighting       | 4 5 6 7 8 |  8.2
Armour         | 4 5 7 9 10 11 | 11.1
Long Blades    | 3 4 5 6 7 9 11 | 11.3
Dodging        | 1 2 3 4 |  4.6
Stealth        | 1 |  1.1
Invocations    | |  0.5

Action                   |  1- 3 |  4- 6 |  7- 9 | 10-12 || total
-------------------------+-------+-------+-------+-------++-------
Melee: Long sword        |    83 |   107 |   304 |   126 ||   620
       Headbutt          |    11 |    14 |    54 |    25 ||   104
Invok: Heroism           |       |       |     7 |     2 ||     9
Evoke: Wand              |       |     1 |       |       ||     1
  Use: Potion            |     3 |       |     1 |     1 ||     5
       Scroll            |     3 |       |     3 |       ||     6
Armor: Scale mail        |    51 |     6 |       |       ||    57
       Chain mail        |       |    52 |   140 |    14 ||   206
Dodge: Dodged            |    44 |    31 |   104 |     8 ||   187
Block: Buckler           |    30 |     9 |    66 |       ||   105
       Kite shield       |       |       |   144 |   145 ||   289
